Predators vs Capitals

Created - February 10 2011 at 18:11

Goals
1 2 3 T
Predators 1 0 0 1
Capitals 2 0 0 2
Shots
1 2 3 T
Predators 15 6 11 32
Capitals 9 5 5 19

Period #1

1. Capitals , Douglas Murray 11 (Alexander Ovechkin, Willie Mitchell) at 1:57
2. Capitals , Tomas Fleischmann 16 (Alexander Ovechkin) at 14:02
3. Predators , Alexandre Burrows 21 (Steven Stamkos, Zbynek Michalek) at 16:31

Penalties :
Kimmo Timonen (WSH) for Roughing (Minor) at 3:59, Brent Burns (NSH) for Goalie Interference (Minor) at 9:18, Steve Eminger (WSH) for Hooking (Minor) at 11:32, Braydon Coburn (NSH) for Boarding (Minor) at 17:49, Brian Sutherby (WSH) for Hooking (Minor) at 19:11

Period #2

No Goal

Penalties :
Ryane Clowe (WSH) for Hooking (Minor) at 5:16, Jeff Carter (NSH) for Holding (Minor) at 15:22

Period #3

No Goal

Penalties :
Brian Sutherby (WSH) for High sticking (Minor) at 3:07, Eric Nystrom (NSH) for Holding (Minor) at 5:54, Brian Sutherby (WSH) for Cross-checking (Minor) at 11:09, Brian Sutherby (WSH) for Holding Stick (Minor) at 14:45, Kimmo Timonen (WSH) for Tripping (Minor) at 17:33

Goalie Stats

Pekka Rinne (NSH), 17 saves from 19 shots - (0.895), L, 39-14-2, 59:05 minutes
Jimmy Howard (WSH), 31 saves from 32 shots - (0.969), W, 15-23-3, 60:00 minutes

Players Stats

Predators
Player Name              G  A  P  +/- PIM S  H  SB FO    MP 
------------------------------------------------------------
Alexandre Burrows        1  0  1   1  0   6  2  0  0/3   21 
Braydon Coburn           0  0  0   1  2   0  0  2  0/0   16 
Brent Burns              0  0  0  -1  2   1  0  1  0/0   21 
Cody Franson             0  0  0   0  0   0  0  0  0/0   0  
David Legwand            0  0  0   0  0   0  0  0  5/6   12 
Derek Morris             0  0  0  -1  0   0  0  1  0/0   13 
Eric Nystrom             0  0  0   0  2   0  2  0  0/0   14 
Jeff Carter              0  0  0  -1  2   2  1  1  15/28 21 
Nicklas Backstrom        0  0  0  -1  0   3  2  0  15/24 22 
Patric Hornqvist         0  0  0  -1  0   5  0  0  0/1   18 
Patrik Elias             0  0  0  -1  0   3  1  1  0/3   20 
Scottie Upshall          0  0  0   1  0   1  0  0  2/2   19 
Shea Weber               0  0  0  -1  0   2  0  2  0/0   22 
Simon Gagne              0  0  0  -1  0   0  0  0  0/0   2  
Steven Stamkos           0  1  1   1  0   3  0  0  4/6   14 
Thomas Vanek             0  0  0  -1  0   1  0  0  1/2   16 
Tomas Kaberle            0  0  0  -1  0   4  0  0  0/0   21 
Zbynek Michalek          0  1  1   1  0   1  0  0  0/0   19 
Capitals
Player Name              G  A  P  +/- PIM S  H  SB FO    MP 
------------------------------------------------------------
Alexander Ovechkin       0  2  2   2  0   2  1  0  3/6   20 
Alexander Semin          0  0  0   0  0   4  1  0  1/1   17 
Alexei Kovalev           0  0  0   0  0   0  2  0  0/1   13 
Brian Sutherby           0  0  0   1  8   1  0  0  3/12  15 
Douglas Murray           1  0  1   1  0   1  7  3  0/0   21 
Jeff Halpern             0  0  0  -1  0   0  0  0  9/21  19 
Kimmo Timonen            0  0  0   0  4   0  0  2  0/0   22 
Marc Methot              0  0  0   0  0   2  4  1  0/0   17 
Mark Mancari             0  0  0   1  0   2  0  0  0/1   13 
Matt Cooke               0  0  0   0  0   0  2  0  0/0   14 
Matt Pettinger           0  0  0   0  0   0  1  0  0/0   9  
Matt Stajan              0  0  0   0  0   0  0  0  15/28 21 
Mike Green               0  0  0   0  0   1  1  1  0/0   23 
Ryane Clowe              0  0  0   0  2   1  1  0  0/1   8  
Steve Eminger            0  0  0   0  2   1  0  0  0/0   11 
Tomas Fleischmann        1  0  1   0  0   3  0  0  2/4   20 
Trent Hunter             0  0  0   0  0   0  0  0  0/0   0  
Willie Mitchell          0  1  1   1  0   1  0  0  0/0   21 

3 Stars

1 - Douglas Murray (WSH)
2 - Jimmy Howard (WSH)
3 - Alexander Ovechkin (WSH)

Power Play

Predators - 0 on 8 Attempt(s) - 0.00%
Capitals - 0 on 4 Attempt(s) - 0.00%

Penalty Kill

Predators - 4 on 4 Attempt(s) - 100.00% - Score 0 goal in Penalty Kill
Capitals - 8 on 8 Attempt(s) - 100.00% - Score 0 goal in Penalty Kill

Game Notes

Simon Gagne is injured at 8:27 of 1st period (Bruised Left Foot)

Finance

Level 1 -- Attendance: 4357 (67.03%) -- Ticket Income $435,700.00
Level 2 -- Attendance: 3464 (69.28%) -- Ticket Income $207,840.00
Level 3 -- Attendance: 2530 (72.29%) -- Ticket Income $88,550.00
Level 4 -- Attendance: 2672 (100.00%) -- Ticket Income $53,440.00
Luxury Box -- Attendance: 847 (84.70%) -- Ticket Income $169,400.00
Game was played at the Verizon Center
Total Attendance: 13870 (74.28%)
Total Ticket Income: $976,096.60
Other Income: $211,034.40
Total Income: $1,187,131.00


Play by Play

Period #1

0:01 of 1st period - Nicklas Backstrom wins face-off versus Matt Stajan in neutral zone.
0:01 of 1st period - Patric Hornqvist is hit by Alexei Kovalev.
0:10 of 1st period - Icing by Simon Gagne.
0:11 of 1st period - Alexander Ovechkin wins face-off versus Nicklas Backstrom in Predators zone.
0:15 of 1st period - Icing by Brent Burns.
0:16 of 1st period - Jeff Halpern wins face-off versus Nicklas Backstrom in Predators zone.
0:33 of 1st period - Shot by Marc Methot.
0:33 of 1st period - Stopped by Pekka Rinne without a rebound.
0:34 of 1st period - Jeff Carter wins face-off versus Matt Stajan in Predators zone.
1:03 of 1st period - Shot by Alexander Semin.
1:03 of 1st period - Shot Misses the Net.
1:13 of 1st period - Shot by Patrik Elias.
1:13 of 1st period - Shot Misses the Net.
1:15 of 1st period - Shot by Derek Morris.
1:15 of 1st period - Shot Misses the Net.
1:31 of 1st period - Shot by Steven Stamkos.
1:31 of 1st period - Shot Misses the Net.
1:33 of 1st period - Shot by Alexandre Burrows.
1:33 of 1st period - Stopped by Jimmy Howard without a rebound.
1:34 of 1st period - Nicklas Backstrom wins face-off versus Alexander Ovechkin in Capitals zone.
1:47 of 1st period - Shot by Alexander Ovechkin.
1:47 of 1st period - Deflect By Mark Mancari.
1:47 of 1st period - Shot Blocked by Shea Weber.
1:51 of 1st period - Shot by Alexander Ovechkin.
1:51 of 1st period - Shot Blocked by Brent Burns.
1:55 of 1st period - Shot by Alexander Ovechkin.
1:55 of 1st period - Shot Misses the Net.
1:57 of 1st period - Shot by Douglas Murray.
1:57 of 1st period - Goal by Douglas Murray - Predators : 0 - Capitals : 1.
1:58 of 1st period - Steven Stamkos wins face-off versus Jeff Halpern in neutral zone.
2:11 of 1st period - Shot by Steven Stamkos.
2:11 of 1st period - Deflect By Alexandre Burrows.
2:11 of 1st period - Stopped by Jimmy Howard without a rebound.
2:12 of 1st period - David Legwand wins face-off versus Mark Mancari in Capitals zone.
2:12 of 1st period - Patrik Elias is hit by Douglas Murray and loses puck.
3:25 of 1st period - Shot by Steve Eminger.
3:25 of 1st period - Stopped by Pekka Rinne without a rebound.
3:26 of 1st period - Matt Stajan wins face-off versus Jeff Carter in Predators zone.
3:34 of 1st period - Icing by Jeff Carter.
3:35 of 1st period - Matt Stajan wins face-off versus Jeff Carter in Predators zone.
3:59 of 1st period - Minor Penalty to Kimmo Timonen for Roughing.
4:00 of 1st period - Jeff Carter wins face-off versus Jeff Halpern in Capitals zone.
4:00 of 1st period - Jeff Carter is hit by Douglas Murray.
4:10 of 1st period - Shot by Jeff Carter.
4:10 of 1st period - Shot Misses the Net.
4:14 of 1st period - Shot by Jeff Carter.
4:14 of 1st period - Stopped by Jimmy Howard without a rebound.
4:15 of 1st period - Nicklas Backstrom wins face-off versus Matt Stajan in Capitals zone.
4:16 of 1st period - Shot by Shea Weber.
4:16 of 1st period - Stopped by Jimmy Howard without a rebound.
4:17 of 1st period - Nicklas Backstrom wins face-off versus Matt Stajan in Capitals zone.
4:40 of 1st period - Shot by Thomas Vanek.
4:40 of 1st period - Shot Misses the Net.
4:56 of 1st period - Icing by Patrik Elias.
4:57 of 1st period - Jeff Halpern wins face-off versus Nicklas Backstrom in Predators zone.
5:18 of 1st period - Willie Mitchell is hit by Patrik Elias and loses puck.
5:55 of 1st period - Shot by Jeff Carter.
5:55 of 1st period - Shot Misses the Net.
6:03 of 1st period - Shot by Alexandre Burrows.
6:03 of 1st period - Shot Misses the Net.
6:27 of 1st period - Shot by Alexandre Burrows.
6:27 of 1st period - Shot Misses the Net.
6:50 of 1st period - Zbynek Michalek is hit by Matt Cooke and loses puck.
7:03 of 1st period - Shot by Matt Cooke.
7:03 of 1st period - Shot Misses the Net.
7:11 of 1st period - Shot by Jeff Halpern.
7:11 of 1st period - Shot Misses the Net.
7:27 of 1st period - Mike Green is hit by Alexandre Burrows.
8:03 of 1st period - Scottie Upshall is hit by Douglas Murray.
8:26 of 1st period - Simon Gagne is hit by Douglas Murray and loses puck.
8:27 of 1st period - Simon Gagne from Predators is injured at 8:27 of 1st period (Bruised Left Foot).
8:28 of 1st period - Jeff Halpern wins face-off versus Jeff Carter in Capitals zone.
8:28 of 1st period - Jeff Halpern is hit by Jeff Carter.
8:38 of 1st period - Shot by Matt Cooke.
8:38 of 1st period - Shot Misses the Net.
8:40 of 1st period - Shot by Marc Methot.
8:40 of 1st period - Stopped by Pekka Rinne with a rebound.
8:42 of 1st period - Shot by Marc Methot.
8:42 of 1st period - Deflect By Tomas Fleischmann.
8:42 of 1st period - Shot Misses the Net.
8:54 of 1st period - Shot by Matt Cooke.
8:54 of 1st period - Shot Hit the Post.
8:56 of 1st period - Shot by Matt Cooke.
8:56 of 1st period - Shot Misses the Net.
9:05 of 1st period - Off-side.
9:06 of 1st period - Matt Stajan wins face-off versus Nicklas Backstrom in neutral zone.
9:12 of 1st period - Icing by Shea Weber.
9:13 of 1st period - Brian Sutherby wins face-off versus Nicklas Backstrom in Predators zone.
9:17 of 1st period - Icing by Brent Burns.
9:18 of 1st period - Alexander Semin wins face-off versus Nicklas Backstrom in Predators zone.
9:18 of 1st period - Minor Penalty to Brent Burns for Goalie Interference.
9:19 of 1st period - Jeff Carter wins face-off versus Tomas Fleischmann in Predators zone.
9:30 of 1st period - Shot by Alexander Ovechkin.
9:30 of 1st period - Shot Blocked by Shea Weber.
9:32 of 1st period - Shot by Mike Green.
9:32 of 1st period - Stopped by Pekka Rinne without a rebound.
9:33 of 1st period - Jeff Carter wins face-off versus Jeff Halpern in Predators zone.
9:48 of 1st period - Shot by Willie Mitchell.
9:48 of 1st period - Deflect By Alexander Semin.
9:48 of 1st period - Shot Misses the Net.
9:50 of 1st period - Shot by Willie Mitchell.
9:50 of 1st period - Stopped by Pekka Rinne with a rebound.
9:52 of 1st period - Shot by Ryane Clowe.
9:52 of 1st period - Deflect By Alexander Semin.
9:52 of 1st period - Stopped by Pekka Rinne without a rebound.
9:53 of 1st period - Jeff Carter wins face-off versus Tomas Fleischmann in Predators zone.
11:28 of 1st period - Shot by Patric Hornqvist.
11:28 of 1st period - Shot Blocked by Marc Methot.
11:30 of 1st period - Shot by Patrik Elias.
11:30 of 1st period - Shot Misses the Net.
11:32 of 1st period - Shot by Patrik Elias.
11:32 of 1st period - Stopped by Jimmy Howard without a rebound.
11:32 of 1st period - Minor Penalty to Steve Eminger for Hooking.
11:33 of 1st period - Nicklas Backstrom wins face-off versus Matt Stajan in Capitals zone.
11:50 of 1st period - Shot by Tomas Kaberle.
11:50 of 1st period - Deflect By Nicklas Backstrom.
11:50 of 1st period - Stopped by Jimmy Howard with a rebound.
12:10 of 1st period - Off-side.
12:11 of 1st period - Jeff Carter wins face-off versus Jeff Halpern in neutral zone.
12:24 of 1st period - Shot by Brent Burns.
12:24 of 1st period - Shot Misses the Net.
12:26 of 1st period - Shot by Brent Burns.
12:26 of 1st period - Shot Blocked by Douglas Murray.
13:04 of 1st period - Shot by David Legwand.
13:04 of 1st period - Shot Misses the Net.
13:06 of 1st period - Shot by Zbynek Michalek.
13:06 of 1st period - Stopped by Jimmy Howard with a rebound.
13:08 of 1st period - Shot by Eric Nystrom.
13:08 of 1st period - Shot Misses the Net.
13:10 of 1st period - Shot by Eric Nystrom.
13:10 of 1st period - Shot Misses the Net.
13:12 of 1st period - Shot by Patric Hornqvist.
13:12 of 1st period - Stopped by Jimmy Howard without a rebound.
13:13 of 1st period - Nicklas Backstrom wins face-off versus Matt Stajan in Capitals zone.
13:14 of 1st period - Shot by Patrik Elias.
13:14 of 1st period - Stopped by Jimmy Howard without a rebound.
13:15 of 1st period - Nicklas Backstrom wins face-off versus Matt Stajan in Capitals zone.
13:18 of 1st period - Shot by Tomas Kaberle.
13:18 of 1st period - Stopped by Jimmy Howard with a rebound.
13:20 of 1st period - Shot by Nicklas Backstrom.
13:20 of 1st period - Shot Misses the Net.
13:24 of 1st period - Shot by Nicklas Backstrom.
13:24 of 1st period - Shot Misses the Net.
13:44 of 1st period - Shot by Steven Stamkos.
13:44 of 1st period - Stopped by Jimmy Howard without a rebound.
13:45 of 1st period - Alexander Ovechkin wins face-off versus Jeff Carter in Capitals zone.
13:54 of 1st period - Shot by Alexander Ovechkin.
13:54 of 1st period - Shot Blocked by Patrik Elias.
14:02 of 1st period - Shot by Tomas Fleischmann.
14:02 of 1st period - Goal by Tomas Fleischmann - Predators : 0 - Capitals : 2.
14:03 of 1st period - Scottie Upshall wins face-off versus Alexei Kovalev in neutral zone.
15:15 of 1st period - Shot by Nicklas Backstrom.
15:15 of 1st period - Stopped by Jimmy Howard with a rebound.
15:32 of 1st period - Icing by Mike Green.
15:33 of 1st period - Jeff Carter wins face-off versus Matt Stajan in Capitals zone.
15:49 of 1st period - Icing by Jeff Carter.
15:50 of 1st period - Brian Sutherby wins face-off versus Jeff Carter in Predators zone.
15:59 of 1st period - Shot by Brian Sutherby.
15:59 of 1st period - Deflect By Alexander Ovechkin.
15:59 of 1st period - Shot Misses the Net.
16:01 of 1st period - Shot by Mark Mancari.
16:01 of 1st period - Stopped by Pekka Rinne without a rebound.
16:02 of 1st period - Jeff Halpern wins face-off versus Alexandre Burrows in Predators zone.
16:05 of 1st period - Shot by Matt Cooke.
16:05 of 1st period - Shot Misses the Net.
16:14 of 1st period - Alexandre Burrows is hit by Marc Methot and loses puck.
16:31 of 1st period - Shot by Alexandre Burrows.
16:31 of 1st period - Goal by Alexandre Burrows - Predators : 1 - Capitals : 2.
16:32 of 1st period - Nicklas Backstrom wins face-off versus Brian Sutherby in neutral zone.
16:39 of 1st period - Shot by Patric Hornqvist.
16:39 of 1st period - Stopped by Jimmy Howard without a rebound.
16:40 of 1st period - Nicklas Backstrom wins face-off versus Brian Sutherby in Capitals zone.
16:47 of 1st period - Shot by Nicklas Backstrom.
16:47 of 1st period - Deflect By Jeff Carter.
16:47 of 1st period - Shot Misses the Net.
16:59 of 1st period - Shot by Jeff Carter.
16:59 of 1st period - Shot Blocked by Douglas Murray.
17:49 of 1st period - Minor Penalty to Braydon Coburn for Boarding.
17:50 of 1st period - Jeff Halpern wins face-off versus Jeff Carter in Predators zone.
18:03 of 1st period - Shot by Douglas Murray.
18:03 of 1st period - Shot Misses the Net.
19:11 of 1st period - Minor Penalty to Brian Sutherby for Hooking.
19:12 of 1st period - Nicklas Backstrom wins face-off versus Alexander Ovechkin in Capitals zone.
19:21 of 1st period - Shot by Nicklas Backstrom.
19:21 of 1st period - Stopped by Jimmy Howard without a rebound.
19:22 of 1st period - Thomas Vanek wins face-off versus Ryane Clowe in Capitals zone.

Period #2

0:01 of 2nd period - Nicklas Backstrom wins face-off versus Matt Stajan in neutral zone.
1:31 of 2nd period - Shot by Alexander Ovechkin.
1:31 of 2nd period - Shot Blocked by Braydon Coburn.
1:33 of 2nd period - Shot by Mark Mancari.
1:33 of 2nd period - Shot Misses the Net.
1:35 of 2nd period - Shot by Mark Mancari.
1:35 of 2nd period - Stopped by Pekka Rinne without a rebound.
1:36 of 2nd period - David Legwand wins face-off versus Jeff Halpern in Predators zone.
1:40 of 2nd period - Shea Weber is hit by Marc Methot and loses puck.
2:18 of 2nd period - Off-side.
2:19 of 2nd period - Matt Stajan wins face-off versus Steven Stamkos in neutral zone.
2:22 of 2nd period - Braydon Coburn is hit by Alexei Kovalev and loses puck.
2:43 of 2nd period - Shot by Mike Green.
2:43 of 2nd period - Deflect By Matt Stajan.
2:43 of 2nd period - Shot Blocked by Braydon Coburn.
3:26 of 2nd period - Shot by Alexander Ovechkin.
3:26 of 2nd period - Shot Misses the Net.
4:12 of 2nd period - Shot by Nicklas Backstrom.
4:12 of 2nd period - Shot Misses the Net.
4:16 of 2nd period - Shot by Patric Hornqvist.
4:16 of 2nd period - Stopped by Jimmy Howard without a rebound.
4:17 of 2nd period - Nicklas Backstrom wins face-off versus Jeff Halpern in Capitals zone.
4:58 of 2nd period - Alexander Semin is hit by Eric Nystrom and loses puck.
5:05 of 2nd period - Shea Weber is hit by Ryane Clowe.
5:16 of 2nd period - Minor Penalty to Ryane Clowe for Hooking.
5:17 of 2nd period - Jeff Carter wins face-off versus Matt Stajan in Capitals zone.
5:40 of 2nd period - Shot by Alexandre Burrows.
5:40 of 2nd period - Shot Misses the Net.
5:42 of 2nd period - Shot by Scottie Upshall.
5:42 of 2nd period - Shot Blocked by Douglas Murray.
5:44 of 2nd period - Shot by Scottie Upshall.
5:44 of 2nd period - Shot Misses the Net.
5:46 of 2nd period - Shot by Alexandre Burrows.
5:46 of 2nd period - Shot Misses the Net.
5:59 of 2nd period - Icing by Thomas Vanek.
6:00 of 2nd period - Matt Stajan wins face-off versus Jeff Carter in Predators zone.
6:38 of 2nd period - Icing by Jeff Carter.
6:39 of 2nd period - Matt Stajan wins face-off versus Jeff Carter in Predators zone.
6:50 of 2nd period - Tomas Fleischmann is hit by Alexandre Burrows.
8:39 of 2nd period - Icing by Derek Morris.
8:40 of 2nd period - Matt Stajan wins face-off versus Patrik Elias in Predators zone.
10:29 of 2nd period - Icing by Shea Weber.
10:30 of 2nd period - Matt Stajan wins face-off versus Nicklas Backstrom in Predators zone.
11:20 of 2nd period - Shot by Alexander Ovechkin.
11:20 of 2nd period - Deflect By Brian Sutherby.
11:20 of 2nd period - Stopped by Pekka Rinne with a rebound.
11:24 of 2nd period - Shot by Alexander Ovechkin.
11:24 of 2nd period - Stopped by Pekka Rinne with a rebound.
11:26 of 2nd period - Shot by Marc Methot.
11:26 of 2nd period - Shot Misses the Net.
11:28 of 2nd period - Shot by Mark Mancari.
11:28 of 2nd period - Shot Misses the Net.
11:30 of 2nd period - Shot by Willie Mitchell.
11:30 of 2nd period - Shot Misses the Net.
12:24 of 2nd period - Shot by Thomas Vanek.
12:24 of 2nd period - Stopped by Jimmy Howard without a rebound.
12:25 of 2nd period - Matt Stajan wins face-off versus Jeff Carter in Capitals zone.
12:36 of 2nd period - Shot by Alexander Semin.
12:36 of 2nd period - Stopped by Pekka Rinne with a rebound.
12:39 of 2nd period - Icing by Derek Morris.
12:40 of 2nd period - Jeff Carter wins face-off versus Brian Sutherby in Predators zone.
12:50 of 2nd period - Jeff Carter is hit by Douglas Murray and loses puck.
13:07 of 2nd period - Shot by Alexandre Burrows.
13:07 of 2nd period - Shot Misses the Net.
13:11 of 2nd period - Shot by Steven Stamkos.
13:11 of 2nd period - Stopped by Jimmy Howard with a rebound.
13:13 of 2nd period - Shot by Alexandre Burrows.
13:13 of 2nd period - Stopped by Jimmy Howard with a rebound.
13:50 of 2nd period - Jeff Carter is hit by Mike Green and loses puck.
13:59 of 2nd period - Shot by Thomas Vanek.
13:59 of 2nd period - Shot Misses the Net.
14:03 of 2nd period - Shot by Patrik Elias.
14:03 of 2nd period - Stopped by Jimmy Howard with a rebound.
15:00 of 2nd period - Icing by Steven Stamkos.
15:01 of 2nd period - Steven Stamkos wins face-off versus Brian Sutherby in Predators zone.
15:22 of 2nd period - Minor Penalty to Jeff Carter for Holding.
15:23 of 2nd period - Tomas Fleischmann wins face-off versus Patrik Elias in Predators zone.
18:16 of 2nd period - Shot by Ryane Clowe.
18:16 of 2nd period - Stopped by Pekka Rinne with a rebound.
18:21 of 2nd period - Alexandre Burrows is hit by Marc Methot and loses puck.
18:26 of 2nd period - Shot by Alexandre Burrows.
18:26 of 2nd period - Stopped by Jimmy Howard without a rebound.
18:27 of 2nd period - Scottie Upshall wins face-off versus Alexander Ovechkin in Capitals zone.
18:34 of 2nd period - Shot by Steven Stamkos.
18:34 of 2nd period - Shot Misses the Net.
19:11 of 2nd period - Icing by Willie Mitchell.
19:12 of 2nd period - Nicklas Backstrom wins face-off versus Brian Sutherby in Capitals zone.
19:31 of 2nd period - Mark Mancari is hit by Nicklas Backstrom and loses puck.
19:53 of 2nd period - Icing by Matt Cooke.
19:54 of 2nd period - Jeff Carter wins face-off versus Jeff Halpern in Capitals zone.

Period #3

0:01 of 3rd period - Matt Stajan wins face-off versus Nicklas Backstrom in neutral zone.
0:30 of 3rd period - Shot by Patric Hornqvist.
0:30 of 3rd period - Shot Blocked by Mike Green.
0:32 of 3rd period - Shot by Patric Hornqvist.
0:32 of 3rd period - Stopped by Jimmy Howard without a rebound.
0:33 of 3rd period - Alexander Ovechkin wins face-off versus Steven Stamkos in Capitals zone.
0:40 of 3rd period - Shot by Alexander Ovechkin.
0:40 of 3rd period - Stopped by Pekka Rinne without a rebound.
0:41 of 3rd period - Steven Stamkos wins face-off versus Jeff Halpern in Predators zone.
0:41 of 3rd period - Alexandre Burrows is hit by Matt Cooke and loses puck.
1:31 of 3rd period - Icing by Marc Methot.
1:32 of 3rd period - Jeff Halpern wins face-off versus Patric Hornqvist in Capitals zone.
2:36 of 3rd period - Shot by Matt Stajan.
2:36 of 3rd period - Shot Blocked by Jeff Carter.
2:38 of 3rd period - Shot by Alexander Semin.
2:38 of 3rd period - Stopped by Pekka Rinne with a rebound.
3:07 of 3rd period - Minor Penalty to Brian Sutherby for High sticking.
3:08 of 3rd period - Matt Stajan wins face-off versus Alexandre Burrows in Capitals zone.
3:17 of 3rd period - Shot by Alexandre Burrows.
3:17 of 3rd period - Shot Blocked by Kimmo Timonen.
3:19 of 3rd period - Shot by Tomas Kaberle.
3:19 of 3rd period - Stopped by Jimmy Howard without a rebound.
3:20 of 3rd period - Jeff Halpern wins face-off versus David Legwand in Capitals zone.
3:29 of 3rd period - Shot by Tomas Kaberle.
3:29 of 3rd period - Stopped by Jimmy Howard without a rebound.
3:30 of 3rd period - Matt Stajan wins face-off versus Patrik Elias in Capitals zone.
4:36 of 3rd period - Shot by Scottie Upshall.
4:36 of 3rd period - Stopped by Jimmy Howard without a rebound.
4:37 of 3rd period - Jeff Halpern wins face-off versus Nicklas Backstrom in Capitals zone.
5:48 of 3rd period - Willie Mitchell is hit by Eric Nystrom and loses puck.
5:54 of 3rd period - Minor Penalty to Eric Nystrom for Holding.
5:55 of 3rd period - Tomas Fleischmann wins face-off versus Jeff Carter in Predators zone.
6:18 of 3rd period - Shot by Alexander Semin.
6:18 of 3rd period - Deflect By Tomas Fleischmann.
6:18 of 3rd period - Shot Misses the Net.
6:20 of 3rd period - Shot by Tomas Fleischmann.
6:20 of 3rd period - Stopped by Pekka Rinne with a rebound.
6:24 of 3rd period - Shot by Tomas Fleischmann.
6:24 of 3rd period - Stopped by Pekka Rinne with a rebound.
6:26 of 3rd period - Shot by Mike Green.
6:26 of 3rd period - Deflect By Alexander Semin.
6:26 of 3rd period - Stopped by Pekka Rinne without a rebound.
6:27 of 3rd period - David Legwand wins face-off versus Jeff Halpern in Predators zone.
7:30 of 3rd period - Off-side.
7:31 of 3rd period - Jeff Carter wins face-off versus Brian Sutherby in neutral zone.
7:45 of 3rd period - Icing by Douglas Murray.
7:46 of 3rd period - Jeff Halpern wins face-off versus Jeff Carter in Capitals zone.
8:47 of 3rd period - Alexandre Burrows is hit by Alexander Semin and loses puck.
10:04 of 3rd period - Shot by Tomas Fleischmann.
10:04 of 3rd period - Shot Misses the Net.
10:43 of 3rd period - Icing by Derek Morris.
10:44 of 3rd period - David Legwand wins face-off versus Brian Sutherby in Predators zone.
10:44 of 3rd period - David Legwand is hit by Alexander Ovechkin.
11:09 of 3rd period - Minor Penalty to Brian Sutherby for Cross-checking.
11:10 of 3rd period - Matt Stajan wins face-off versus Jeff Carter in Capitals zone.
11:51 of 3rd period - Nicklas Backstrom is hit by Matt Pettinger and loses puck.
12:18 of 3rd period - Douglas Murray is hit by Nicklas Backstrom.
12:40 of 3rd period - Shot by Jeff Carter.
12:40 of 3rd period - Stopped by Jimmy Howard without a rebound.
12:41 of 3rd period - Jeff Carter wins face-off versus Jeff Halpern in Capitals zone.
12:41 of 3rd period - Eric Nystrom is hit by Marc Methot.
13:07 of 3rd period - Shot by Brent Burns.
13:07 of 3rd period - Stopped by Jimmy Howard without a rebound.
13:08 of 3rd period - Matt Stajan wins face-off versus Alexandre Burrows in Capitals zone.
13:28 of 3rd period - Shot by Steven Stamkos.
13:28 of 3rd period - Stopped by Jimmy Howard without a rebound.
13:29 of 3rd period - David Legwand wins face-off versus Brian Sutherby in Capitals zone.
13:29 of 3rd period - David Legwand is hit by Douglas Murray.
13:31 of 3rd period - Shot by Patrik Elias.
13:31 of 3rd period - Shot Misses the Net.
13:35 of 3rd period - Shot by Patrik Elias.
13:35 of 3rd period - Shot Misses the Net.
13:39 of 3rd period - Shot by Tomas Kaberle.
13:39 of 3rd period - Stopped by Jimmy Howard without a rebound.
13:40 of 3rd period - Jeff Carter wins face-off versus Matt Stajan in Capitals zone.
13:49 of 3rd period - Shot by Alexander Semin.
13:49 of 3rd period - Shot Blocked by Derek Morris.
14:05 of 3rd period - Icing by Derek Morris.
14:06 of 3rd period - Brian Sutherby wins face-off versus Jeff Carter in Predators zone.
14:16 of 3rd period - Tomas Kaberle is hit by Douglas Murray and loses puck.
14:28 of 3rd period - Icing by Willie Mitchell.
14:29 of 3rd period - Steven Stamkos wins face-off versus Brian Sutherby in Capitals zone.
14:45 of 3rd period - Minor Penalty to Brian Sutherby for Holding Stick.
14:46 of 3rd period - Nicklas Backstrom wins face-off versus Matt Stajan in Capitals zone.
15:01 of 3rd period - Shot by Nicklas Backstrom.
15:01 of 3rd period - Shot Blocked by Kimmo Timonen.
15:03 of 3rd period - Shot by Patric Hornqvist.
15:03 of 3rd period - Stopped by Jimmy Howard without a rebound.
15:04 of 3rd period - Matt Stajan wins face-off versus Thomas Vanek in Capitals zone.
17:12 of 3rd period - Shot by Thomas Vanek.
17:12 of 3rd period - Shot Misses the Net.
17:33 of 3rd period - Minor Penalty to Kimmo Timonen for Tripping.
17:34 of 3rd period - Jeff Carter wins face-off versus Jeff Halpern in Capitals zone.
17:47 of 3rd period - Shot by Alexandre Burrows.
17:47 of 3rd period - Stopped by Jimmy Howard without a rebound.
17:48 of 3rd period - Jeff Carter wins face-off versus Matt Stajan in Capitals zone.
18:41 of 3rd period - Shot by Shea Weber.
18:41 of 3rd period - Stopped by Jimmy Howard without a rebound.
18:42 of 3rd period - Nicklas Backstrom wins face-off versus Jeff Halpern in Capitals zone.
19:05 of 3rd period - Predators, Pekka Rinne is pulled from the net.


Output by the SimonT Hockey Simulator (STHS) for Stephane Roy -- Original Page W3C XHTML 1.0 Valid